 Seeded DCSS version 0.28-a0-1356-g2ad6d04315 (webtiles) character file.

Game seed: 12130800008223909736 (custom seed)

70 croobank the Sneak (level 4, -6/27 HPs)
             Began as an Octopode Earth Elementalist on Dec 30, 2021.
             Killed from afar by Ijyb (7 damage)
             ... with a puff of flame
             ... on level 3 of the Dungeon.
             The game lasted 00:10:33 (3025 turns).

croobank the Sneak (Octopode Earth Elementalist)    Turns: 3025, Time: 00:10:33

Health: -6/27      AC:  1    Str:  7    XL:     4   Next: 22%
Magic:  5/7        EV: 13    Int: 19    God:
Gold:   58         SH:  0    Dex: 12    Spells: 5/8 levels left

rFire   . . .      SeeInvis .   l - staff of earth
rCold   . . .      Faith    .   m - orb {*channel}
rNeg    . . .      Spirit   .   (helmet restricted)
rPois   .          Reflect  .   (no amulet)
rElec   .          Harm     .   f - ring of wizardry
rCorr   .          Rampage  .   (no ring)
Will    .....                   (no ring)
Stlth   +++.......              (no ring)
HPRegen 0.09/turn               (no ring)
MPRegen 0.10/turn               (no ring)
                                (no ring)
                                (no ring)

@: no status effects
A: almost no armour, amphibious, 8 rings, camouflage 1, gelatinous body 1,
(nimble swimmer 1), tentacles
a: no special abilities


You were on level 3 of the Dungeon.
You visited 1 branch of the dungeon, and saw 3 of its levels.

You collected 81 gold pieces.
You spent 23 gold pieces at shops.

Inventory:

Hand Weapons
 d - a +0 spear
Missiles
 a - 23 arrows
 b - 63 stones
 e - 18 bolts
 g - 38 poisoned darts
Armour
 k - a +1 kite shield of resistance
 m - an orb of energy (worn)
Magical Staves
 l - a staff of earth (weapon)
Jewellery
 f - a ring of wizardry (left tentacle)
Scrolls
 c - 3 scrolls of enchant armour {enchant armour, unknown}
 h - a scroll of teleportation {teleport, unknown}
 n - a scroll of identify {identify, unknown}
Potions
 i - 2 potions of might {might, unknown}
 j - 3 potions of curing {curing, unknown}
 o - a potion of degeneration {degeneration, unknown}


   Skills:
 + Level 2.5 Dodging
 + Level 3.7 Stealth
 + Level 2.5 Spellcasting
 + Level 1.8 Transmutations
 + Level 3.4 Earth Magic


You had 5 spell levels left.
You knew the following spells:

 Your Spells              Type           Power      Damage    Failure   Level
a - Sandblast             Erth           46%        2d11      1%          1
b - Passwall              Tmut/Erth      15%        N/A       3%          2

Your spell library contained the following spells:

 Spells                   Type           Power      Damage    Failure   Level
 Stone Arrow              Conj/Erth      26%        3d8       10%         3
 Petrify                  Tmut/Erth      18%        N/A       21%         4


Dungeon Overview and Level Annotations

Branches:
Dungeon (3/15)

Altars:

Shops:
D:1 *   D:2 =   D:3 !

Annotations:
D:3 Ijyb


Innate Abilities, Weirdness & Mutations

You cannot wear most types of armour.
You are amphibious.
You can wear up to eight rings at the same time.
Your skin changes colour to match your surroundings (Stealth+).
Your rubbery body absorbs attacks. (AC +1, EV +1)
((You are camouflaged when in or above water. (Stealth+)))
You have tentacles for arms and can constrict up to eight enemies at once.


Message History

The helpless Ijyb fails to defend herself.
You hit Ijyb. You grab Ijyb.
Ijyb is lightly wounded.
You constrict Ijyb, but do no damage.
Ijyb zaps a wand.
The puff of flame hits you. Ijyb misses you.
You barely miss Ijyb.
Ijyb is lightly wounded.
You constrict Ijyb, but do no damage.
Ijyb zaps a wand.
The puff of flame misses you.
You hit Ijyb but do no damage.
Ijyb is lightly wounded.
You constrict Ijyb, but do no damage. Ijyb barely misses you.
You barely miss Ijyb.
Ijyb is lightly wounded.
You constrict Ijyb, but do no damage. Ijyb hits you with a +0 dagger.
You hit Ijyb.
Ijyb is lightly wounded.
You constrict Ijyb.
Ijyb zaps a wand.
The puff of flame hits you!
You hit Ijyb but do no damage.
Ijyb is moderately wounded.
You constrict Ijyb. Ijyb hits you with a +0 dagger.
Ijyb zaps a wand.
The puff of flame hits you!
* * * LOW HITPOINT WARNING * * *
Aiming: Sandblast (safe; 1% risk of failure)
Press: ? - help, Q - select action, (/) - cycle Shift-Dir - straight line, f - Ijyb
Aim: Ijyb, wielding a +0 dagger, wearing a +0 leather armour and carrying a wand of flame (17) (moderately wounded, constricted by you, 98% to hit)
You feel a surge of power!
The blast of sand hits Ijyb.
Ijyb is heavily wounded.
You constrict Ijyb. Ijyb screams, "Me stronger than you!" Ijyb misses you.
Okay, then.
Aiming: Sandblast (safe; 1% risk of failure)
Press: ? - help, Q - select action, (/) - cycle Shift-Dir - straight line, f/p - Ijyb
Aim: Ijyb, wielding a +0 dagger, wearing a +0 leather armour and carrying a wand of flame (17) (heavily wounded, constricted by you, 98% to hit)
You feel a surge of power!
The blast of sand hits Ijyb.
Ijyb is severely wounded.
You constrict Ijyb, but do no damage.
Ijyb zaps a wand.
The puff of flame hits you!
You die...

####### .# .. #.. .. .## #
.##### #.##### .. # . ..... #
####.##... .##.# #$#...#.#
#...<...## ..... #.#...#.
#.#..#.### .##.##.# #......
.#.[#.### .##.##.# .# #..g#
.#....... .##....# .# #..@#
.#.##.### .##.##.# .# #...#
.#.##.#
.##.##.##.####...#######......#
........................##.###.
###...........................#
#.......................#.#
#..##.#.###.#...#>####..#.###<.
#..##.#.# #.#...#.# #.........
##..#..#.# #.#...#.# ##.##.##.#


You could see Ijyb.

Vanquished Creatures
  2 adders (D:2)
  A dart slug (D:1)
  3 endoplasms
  4 giant cockroaches
  3 goblins
  5 hobgoblins
  5 quokkas
  7 ball pythons
  6 bats
  3 frilled lizards (D:1)
  2 kobolds (D:1)
  5 rats
46 creatures vanquished.

Notes
Turn   | Place    | Note
-------+----------+-------------------------------------------
     0 | D:1      | croobank the Octopode Earth Elementalist began the quest
                  | for the Orb.
     0 | D:1      | Reached XP level 1. HP: 11/11 MP: 3/3
   511 | D:1      | Reached XP level 2. HP: 15/17 MP: 5/5
   521 | D:1      | Learned a level 2 spell: Passwall
   738 | D:1      | Found Wisoshren's General Store.
   917 | D:1      | Bought 21 stones for 23 gold pieces
  1269 | D:1      | Reached XP level 3. HP: 20/21 MP: 6/6
  1449 | D:2      | Found Tueluf's Jewellery Shoppe.
  1662 | D:2      | HP: 1/21 [poisoned by an adder]
  2399 | D:3      | Reached XP level 4. HP: 23/27 MP: 7/7
  2600 | D:2      | Found a faded altar of an unknown god.
  2689 | D:3      | Found Couciofe's Distillery.
  3009 | D:3      | Noticed Ijyb
  3023 | D:3      | HP: 1/27 [Ijyb/puff of flame (8)]
  3025 | D:3      | Killed from afar by Ijyb

Illustrated notes

Levels and vault maps discovered:
D:1:      grunt_arrival_crossed_arrows, layout_loops_ring, serial_shops, shop,
          chequers_serial_rivers_micro_b
D:2:      layout_basic, serial_shops, shop,
          shapermc_ecumenical_altar_mp_urbaneastern
D:3:      layout_loops_cross, serial_shops, shop_statue, uniq_ijyb, uniq_sigmund

Skill      XL: |  1  2 |
---------------+-------+-----
Stealth        | 3 |  3.7
Dodging        | |  2.5
Spellcasting   | |  2.5
Transmutations | |  1.8
Earth Magic    | |  3.4

Action                   |  1- 3 |  4- 6 || total
-------------------------+-------+-------++-------
Melee: Unarmed           |    34 |       ||    34
       Constrict         |    24 |     8 ||    32
       Tentacles         |    17 |     5 ||    22
       Spear             |    56 |       ||    56
       Staff             |       |    30 ||    30
 Cast: Sandblast         |     8 |     2 ||    10
 Stab: Sleeping          |    12 |     5 ||    17
Armor: Skin              |    10 |     1 ||    11
Dodge: Dodged            |    64 |    21 ||    85

Table legend: (Time is in decaauts)
 A = Elapsed time spent in this place.
 B = Non-inter-level travel time spent in this place.
 C = Inter-level travel time spent in this place.
 D = Time resting spent in this place.
 E = Time spent auto-exploring this place.
 F = Levels seen in this place.
 G = Mean time per level.
                   A        B        C        D        E       F      G
               +--------+--------+--------+--------+--------+-----+--------+
         Total |   3035 |   2986 |     49 |    947 |   1465 |   3 | 1011.7 |
       Dungeon |   3035 |   2986 |     49 |    947 |   1465 |   3 | 1011.7 |
               +--------+--------+--------+--------+--------+-----+--------+

Top non-repeatable levels by time:
     D:1: 1394 daAuts
     D:2: 1168 daAuts
     D:3: 472 daAuts
